Map: [ESL] Site Delta

Players

Kelazhur - Winner!

  • Race: Terran Terran
  • Spawn Location: 5:00

Astrea

  • Race: Protoss Protoss
  • Spawn Location: 11:00

Event: ESL SC2 Masters 2023 Winter (Regional)

VOD

Have the link to the VOD?

Description

Time

  • Played on: Nov. 10, 2023, 12:16 p.m.
  • Length: 6:50

All games in this series

Show
View Real Time Build Order
Export as new Build Order

Kelazhur Terran - Winner!

Build Orders: Reaper Expand 

Get SALT Encoding   

  12  0:00  SCV  
  13  0:12  SCV  
  14  0:17  Supply Depot  
  14  0:24  SCV  
  15  0:38  SCV  
  15  0:40  Barracks  
  16  0:42  Refinery  
  16  0:50  SCV  
  17  1:03  SCV  
  18  1:15  SCV  
  19  1:27  Orbital Command, Reaper  
  20  1:38  Command Center  
  20  1:47  Supply Depot  
  20  1:52  SCV  
  21  1:59  Marine  
  22  2:04  Factory  
  22  2:06  SCV  
  23  2:12  Bunker  
  23  2:17  Marine  
  23  2:18  SCV  
  25  2:25  Refinery  
  25  2:30  SCV  
  25  2:36  Barracks Reactor  
  26  2:42  SCV  
  27  2:46  Barracks  
  26  2:54  SCV  
  26  2:55  Orbital Command  
  27  2:59  Factory Tech Lab  
  27  3:06  SCV  
  28  3:13  Marine  
  28  3:14  Marine  
  28  3:17  Siege Tank  
  28  3:18  SCV  
  34  3:22  Supply Depot  
  34  3:23  SCV  
  35  3:30  SCV  
  35  3:32  Marine  
  35  3:33  Marine  
  35  3:34  Barracks Tech Lab  
  38  3:35  SCV  
  39  3:42  SCV  
  39  3:47  SCV  
  41  3:48  Supply Depot  
  41  3:49  Siege Tank  
  41  3:50  Marine x2  
  41  3:53  Marauder  
  41  3:55  Concussive Shells  
  48  4:00  SCV x2  
  50  4:08  Engineering Bay  
  50  4:09  Marine x2  
  52  4:13  SCV x2  
  52  4:15  Marauder  
  56  4:19  Supply Depot  
  56  4:25  SCV x2  
  56  4:28  Siege Tank  
  60  4:32  Marine x2  
  60  4:34  Supply Depot  
  62  4:40  Stimpack, SCV  
  62  4:41  Marauder  
  62  4:43  SCV  
  66  4:47  Supply Depot  
  66  4:50  Marine x2  
  68  4:53  SCV  
  68  5:02  Marauder, SCV  
  68  5:05  SCV  
  68  5:06  Supply Depot  
  71  5:08  Barracks  
  69  5:14  SCV  
  69  5:15  Refinery, Marine x2  
  69  5:16  Refinery  
  69  5:17  SCV  
  73  5:26  Siege Tank, SCV  
  75  5:29  SCV  
  75  5:30  Marauder  
  75  5:34  Supply Depot  
  78  5:38  Marine, SCV  
  78  5:42  SCV  
  76  5:53  Marine, Marauder  
  76  5:54  SCV x2  
  73  5:58  Starport  
  73  5:59  Marine  
  73  6:02  Barracks Tech Lab  
  73  6:15  Marauder  
  73  6:17  Command Center, Factory Reactor, SCV  
  76  6:24  Marine x2  
  76  6:25  Marauder, SCV  
  78  6:35  Starport Reactor  
  78  6:37  SCV  
Show
View Real Time Build Order
Export as new Build Order

Astrea Protoss 

Build Orders: 1 Gate Expand, Phoenix Opening, Blink Stalkers 

Get SALT Encoding   

  12  0:00  Probe  
  13  0:12  Probe  
  14  0:17  Pylon  
  14  0:24  Probe (Chrono Boost)  
  15  0:37  Probe (Chrono Boost)  
  15  0:38  Gateway  
  16  0:44  Probe (Chrono Boost)  
  16  0:46  Assimilator  
  17  0:51  Probe  
  18  1:03  Probe  
  19  1:15  Probe  
  20  1:25  Cybernetics Core  
  20  1:31  Nexus  
  20  1:35  Probe  
  21  1:42  Pylon  
  21  1:47  Probe  
  21  1:51  Assimilator  
  22  1:58  Adept (Chrono Boost)  
  23  2:04  Shield Battery  
  23  2:07  Probe  
  25  2:10  Warp Gate  
  25  2:19  Adept (Chrono Boost), Probe  
  28  2:31  Probe  
  28  2:40  Twilight Council  
  28  2:43  Probe  
  30  2:44  Probe  
  30  2:55  Probe  
  30  2:56  Probe  
  32  3:07  Probe  
  32  3:08  Probe  
  32  3:10  Blink (Chrono Boost)  
  34  3:19  Probe  
  35  3:20  Probe  
  35  3:21  Sentry  
  38  3:28  Gateway  
  38  3:31  Probe  
  38  3:32  Probe  
  40  3:37  Gateway  
  40  3:44  Probe x2  
  40  3:46  Pylon  
  42  3:49  Robotics Facility  
  42  3:52  Phoenix  
  42  3:56  Probe  
  42  3:58  Stalker  
  42  4:01  Probe  
  46  4:06  Pylon  
  46  4:08  Probe  
  47  4:13  Probe  
  48  4:20  Probe  
  49  4:26  Stalker x2  
  49  4:27  Probe  
  49  4:29  Pylon  
  54  4:33  Stalker  
  56  4:39  Nexus  
  57  4:50  Shield Battery  
  57  4:51  Stalker x2  
  64  5:03  Stalker  
  66  5:13  Immortal (Chrono Boost)  
  66  5:14  Stalker x2  
  66  5:18  Pylon x2  
  64  5:28  Pylon  
  64  5:30  Pylon  
  64  5:37  Cybernetics Core, Zealot x2  
  56  5:56  Probe  
  49  5:59  Zealot x2, Probe  
  48  6:07  Gateway  
  48  6:08  Gateway, Probe  
  49  6:11  Probe  
  49  6:16  Stalker  
  51  6:19  Stalker  
  51  6:21  Probe  
  51  6:23  Probe  
  49  6:33  Stalker, Probe  
  49  6:35  Probe  
  53  6:46  Stalker  
Tags
 
Add a new tag
Caveats
  • Supply blocks, unpowered buildings, or Contaminate may cause inaccurate times.
  • Supply counts are checked every 10 seconds.